 Dungeon Crawl Stone Soup version 0.29.1-2-gbd0b4ee654 (webtiles) character file.

Game seed: 16243952492883380233

403 wingedge the Sneak (level 6, 0/44 HPs)
             Began as a Vampire Conjurer on Nov 2, 2022.
             Slain by a yak (2 damage)
             ... on level 5 of the Dungeon.
             The game lasted 00:17:14 (4295 turns).

wingedge the Sneak (Vampire Conjurer)               Turns: 4295, Time: 00:17:15

Health: 0/44       AC:  2    Str:  5 (6)  XL:     6   Next: 55%
Magic:  5/12       EV: 12    Int: 20 (22) God:
Gold:   191        SH:  0    Dex: 12 (13) Spells: 7/13 levels left

rFire   . . .      SeeInvis +   a - +0 rapier
rCold   + . .      Faith    .   (no shield)
rNeg    . . .      Spirit   .   f - +0 robe
rPois   +          Reflect  .   (no helmet)
rElec   .          Harm     .   (no cloak)
rCorr   .          Rampage  .   (no gloves)
Will    .....                   (no boots)
Stlth   +++.......              (no amulet)
HPRegen 0.34/turn               h - ring of poison resistance
MPRegen 0.13/turn               t - ring of protection from cold

@: about to teleport, healing quickly
A: alive, fangs 3, see invisible, vampiric 2
a: Exsanguinate


You were on level 5 of the Dungeon.
You visited 1 branch of the dungeon, and saw 5 of its levels.

You collected 191 gold pieces.

Inventory:

Hand Weapons
 a - a +0 rapier (weapon)
 b - a +0 sling
 g - a +0 falchion
Missiles
 d - 9 poisoned darts
 e - 2 javelins (quivered)
Armour
 f - a +0 robe (worn)
Magical Staves
 s - a staff of fire
Jewellery
 h - a ring of poison resistance (left hand)
 t - a ring of protection from cold (right hand)
Scrolls
 i - 5 scrolls of identify {unknown}
 n - 2 scrolls of vulnerability {unknown}
 q - 2 scrolls of teleportation
 r - a scroll of enchant weapon {unknown}
 v - a scroll of amnesia {unknown}
Potions
 c - a potion of brilliance {unknown}
 j - 2 potions of mutation {unknown}
 k - 3 potions of might {unknown}
 l - a potion of invisibility {unknown}
 m - 2 potions of degeneration
 o - a potion of berserk rage {unknown}
 p - a potion of curing {unknown}
 u - a potion of cancellation {unknown}


   Skills:
 - Level 2.0 Fighting
 - Level 1.0 Short Blades
 - Level 1.0 Throwing
 - Level 1.0 Armour
 - Level 2.1 Dodging
 - Level 5.0 Stealth
 - Level 4.0 Spellcasting
 - Level 3.0 Conjurations
 + Level 0.3 Ice Magic
 - Level 2.0 Air Magic
 - Level 2.0 Poison Magic


You had 7 spell levels left.
You knew the following spells:

 Your Spells              Type           Power      Damage    Failure   Level
a - Magic Dart            Conj           64%        1d6       3%          1
b - Searing Ray           Conj           32%        2d5       5%          2
c - Mephitic Cloud        Conj/Pois/Air  13%        N/A       16%         3

Your spell library contained the following spells:

 Spells                   Type           Power      Damage    Failure   Level
 Dazzling Flash           Conj/Hex       20%        N/A       21%         3
 Ignite Poison            Fire/Tmut/Pois 6%         N/A       30%         3
 Fulminant Prism          Conj/Hex       5%         3d7       56%         4
 Iskenderun's Mystic Bla  Conj/Tloc      10%        2d4       56%         4
 Freezing Cloud           Conj/Ice/Air   5%         6-21      86%         5


Dungeon Overview and Level Annotations

Branches:
Dungeon (5/15)
 Temple: D:4-7

Altars:
Hepliaklqana

Shops:
D:1 =?[(


Innate Abilities, Weirdness & Mutations

Your natural rate of healing is accelerated.
You have razor-sharp teeth.
You have supernaturally acute eyesight. (SInv)
You are afflicted with vampirism and can become a bat while bloodless.


Message History

The adder closely misses you.
The searing ray hits the adder!
You kill the adder!
Training target 2.0 for Poison Magic reached!
Your Poison Magic skill increases to level 2!
An orc comes into view. It is wielding a +0 hand axe.
The searing ray hits the orc priest.
The orc priest is lightly wounded.
You finish channelling your searing ray.
An orc comes into view. It is wielding a +0 hand axe.
The orc priest invokes the aid of Beogh against you.
Beogh smites you!
You hear a shout!
The orc priest casts a cantrip, but nothing happens.
An orc priest comes into view. It is wielding a +0 dagger.
The orc hits you with a +0 hand axe.
As you read the scroll labelled DOUJOFUETA, it crumbles to dust.
You feel strangely unstable.
It was a scroll of teleportation.
The orc hits you with a +0 hand axe.
Your surroundings suddenly seem different.
The orc priest mumbles some strange prayers to Beogh against you.
Beogh smites you!
* * * LOW HITPOINT WARNING * * *
The orc priest miscasts a cantrip.
There is a stone staircase leading down here.
You climb downwards.
The yak bellows! x2; You hear a shout!
You hear a bellow!
You hear a shout!
Found 6 stones.
There is a stone staircase leading up here.
Okay, then.
As you read the scroll of teleportation, it crumbles to dust.
You feel strangely unstable. The yak gores you!
* * * LOW HITPOINT WARNING * * *
Unknown command.
Okay, then.
It was a potion of degeneration.
There was something very wrong with that liquid.
You feel weakened.
You feel dopey.
You feel clumsy. The yak gores you.
You die...

#####
...##
...
#Y#
#@#
#Y#
Y#.
## #.
.# .
.. ..


You could see 3 yaks.

Vanquished Creatures
  A necrophage (D:4)
  2 howler monkeys (D:4)
  2 hounds (D:4)
  2 orc priests (D:2)
  5 adders
  A gnoll (D:1)
  3 worms
  A dart slug (D:3)
  3 orcs
  3 endoplasms
  7 giant cockroaches
  7 hobgoblins
  3 jackals (D:2)
  9 quokkas
  7 ball pythons
  7 bats
  4 frilled lizards
  3 goblins
  7 kobolds
  5 rats
82 creatures vanquished.

Notes
Turn   | Place    | Note
-------+----------+-------------------------------------------
     0 | D:1      | wingedge the Vampire Conjurer began the quest for the Orb.
     0 | D:1      | Reached XP level 1. HP: 13/13 MP: 3/3
   124 | D:1      | Reached skill level 1 in Fighting
   124 | D:1      | Reached XP level 2. HP: 18/21 MP: 0/5
   222 | D:1      | Found Tawninna's Jewellery Shoppe.
   357 | D:1      | Found Kuowix's Magic Scroll Emporium.
   510 | D:1      | Found Nuleiph's Weapon Boutique.
   524 | D:1      | Learned a level 2 spell: Searing Ray
   580 | D:1      | Found Ikho's Antique Armour Shop.
  1002 | D:1      | Gained mutation: You are afflicted with vampirism and can
                  | become a bat while bloodless. [Vampire growth]
  1002 | D:1      | Reached XP level 3. HP: 27/27 MP: 3/6
  1591 | D:2      | Reached skill level 4 in Stealth
  1591 | D:2      | Reached skill level 1 in Armour
  1591 | D:2      | Reached XP level 4. HP: 29/33 MP: 1/8
  1847 | D:2      | Found a hazy altar of Hepliaklqana.
  2012 | D:2      | Found a faded altar of an unknown god.
  2222 | D:2      | Reached XP level 5. HP: 38/38 MP: 5/10
  2270 | D:2      | Learned a level 3 spell: Mephitic Cloud
  3830 | D:4      | Reached skill level 1 in Short Blades
  3830 | D:4      | Reached skill level 1 in Air Magic
  3830 | D:4      | Reached skill level 1 in Poison Magic
  3935 | D:4      | Reached skill level 1 in Throwing
  3935 | D:4      | Reached skill level 5 in Stealth
  3935 | D:4      | Reached XP level 6. HP: 39/44 MP: 3/12
  4293 | D:5      | Entered Level 5 of the Dungeon
  4293 | D:5      | Noticed a yak
  4293 | D:5      | Noticed a yak
  4293 | D:5      | Noticed a yak
  4294 | D:5      | HP: 2/44 [yak (12)]
  4295 | D:5      | Slain by a yak

Illustrated notes

Levels and vault maps discovered:
D:1:      amcnicky_arrival_flooded_fountain, layout_basic, serial_shops, shop,
          nicolae_shop_advertising_works [nicolae_subvault_shop_adworks],
          nicolae_shop_bloodbath_and_beyond, shop, minmay_pentomino_o4
D:2:      layout_loops_ring, shapermc_ecumenical_altar_notcrosses, basic_altar
D:3:      layout_basic, corexii_item_surrounded_by_moat, bh_walls_and_bars
D:4:      layout_basic
D:5:      layout_loops_ring, eat_drink_and_be_merry_uskayaw, uniq_pikel,
          uniq_grinder, uniq_blork_the_orc

Skill      XL: |  1  2  3  4  5  6 |
---------------+-------------------+-----
Fighting       | 1 2 |  2.0
Conjurations   | 3 |  3.0
Spellcasting   | 3 4 |  4.0
Stealth        | 4 5 |  5.0
Armour         | 1 |  1.0
Short Blades   | 1 |  1.0
Air Magic      | 1 2 |  2.0
Poison Magic   | 1 2 |  2.0
Throwing       | 1 |  1.0
Dodging        | |  2.1
Ice Magic      | |  0.3

Action                   |  1- 3 |  4- 6 || total
-------------------------+-------+-------++-------
Melee: Spear             |     2 |       ||     2
       Short sword       |     6 |    12 ||    18
       Bite              |     1 |     2 ||     3
       Rapier            |       |    19 ||    19
       Punch             |       |     1 ||     1
 Fire: Sling             |     5 |       ||     5
Throw: Dart              |     6 |       ||     6
       Javelin           |       |     3 ||     3
 Cast: Magic Dart        |    49 |    46 ||    95
       Searing Ray       |     6 |    29 ||    35
  Use: Potion            |       |     2 ||     2
       Scroll            |       |     2 ||     2
 Stab: Sleeping          |       |     5 ||     5
Armor: Robe              |     2 |    12 ||    14
Dodge: Dodged            |     8 |    41 ||    49
